 Dungeon Crawl Stone Soup version 0.22-a0-866-geee50340df (webtiles) character file.

1257 IcyTea the Poker (level 8, 0/57 HPs)
             Began as a Green Draconian Necromancer on July 28, 2018.
             Killed by divine providence
             ... invoked by an orc priest
              (12 damage)
             ... on level 5 of the Dungeon.
             The game lasted 00:24:46 (7019 turns).

IcyTea the Poker (Green Draconian Necromancer)      Turns: 7019, Time: 00:24:46

Health: 0/57       AC:  7    Str: 10    XL:     8   Next: 27%
Magic:  14/15      EV: 12    Int: 20    God:
Gold:   282        SH:  0    Dex: 12    Spells: 9/17 levels left

rFire    . . .     SeeInvis +   f - +1 halberd
rCold    . . .     Gourm    .   (shield currently unavailable)
rNeg     . . .     Faith    .   (armour unavailable)
rPois    +         Spirit   .   (helmet restricted)
rElec    .         Reflect  .   l - +0 cloak
rCorr    .         Harm     .   (no gloves)
MR       .....                  (no boots)
Stlth    ++........             (no amulet)
HPRegen  0.00/turn              (no ring)
MPRegen  0.14/turn              (no ring)

@: no status effects
A: breathe noxious fumes, unfitting armour, see invisible, clever 1, poison
resistance, inhibited regeneration, cold-blooded, AC +6
a: Breathe Noxious Fumes


You were on level 5 of the Dungeon.
You were hungry.

You visited 1 branch of the dungeon, and saw 5 of its levels.

You collected 282 gold pieces.

Inventory:

Hand Weapons
 f - a +1 halberd (weapon)
Armour
 l - a +0 cloak (worn)
Scrolls
 a - 3 scrolls of remove curse
 c - 5 scrolls of identify
 g - 2 scrolls of amnesia
Potions
 d - 4 potions of brilliance
 e - a potion of curing
 i - a potion of magic
 m - a potion of heal wounds
Comestibles
 b - 7 rations


   Skills:
 + Level 7.1 Polearms
 - Level 1.8 Dodging
 - Level 1.8 Stealth
 - Level 5.0 Spellcasting
 - Level 6.0 Necromancy


You had 9 spell levels left.
You knew the following spells:

 Your Spells              Type           Power        Failure   Level  Hunger
a - Pain                  Necr           ####         1%          1    None
b - Regeneration          Chrm/Necr      ###.......   10%         3    ##.....
c - Animate Dead          Necr           N/A          10%         4    ####...

Your spell library contained the following spells:

 Spells                   Type           Power        Failure   Level  Hunger
 Animate Skeleton         Necr           N/A          1%          1    None
 Vampiric Draining        Necr           ####......   3%          3    ##.....


Dungeon Overview and Level Annotations

Branches:
Dungeon (5/15)
 Temple: D:4-7

Altars:
Makhleb
Okawaru
Vehumet
Xom

Annotations:
D:5 1 runed door, olegrum's ghost, novice BaFi


Innate Abilities, Weirdness & Mutations

You can breathe blasts of noxious fumes.
Your lurid green scales are hard. (AC +6)
You cannot fit into any form of body armour.
Your system is resistant to poisons. (rPois)
You are cold-blooded and may be slowed by cold attacks.
You have supernaturally acute eyesight. (SInv)
Your mind is acute. (Int +2)
You do not regenerate when monsters are visible.


Message History

The centaur is almost dead.
The centaur closely misses you.
You slash the centaur!
You kill the centaur!
Your Polearms skill increases to level 7!
The orc priest calls down the wrath of Beogh upon you.
Beogh smites you!
* * * LOW HITPOINT WARNING * * *
The orc priest barely misses you.
Things that are here:
an uncursed shortbow; 13 arrows You hit the orc priest but do no damage.
The orc priest misses you.
You barely miss the orc priest. The orc priest misses you.
The orc priest hits you with a dagger.
* * * LOW HITPOINT WARNING * * *
You closely miss the orc priest.
The orc priest calls down the wrath of Beogh upon you.
Beogh smites you!
You die...

# #. #[.
##..####
#..oo@.#
♣W#..###(#
8!+ #.##
#..#
##.###
#...#
###<# #.#
#.#


You could see an orc priest, an orc wizard and olegrum's ghost.

Vanquished Creatures
  Grinder (D:3)
  Eustachio (D:4)
  A centaur (D:5)
  2 ogres (D:4)
  2 scorpions
  2 hounds
  Crazy Yiuf (D:3)
  A bullfrog skeleton (D:4)
  An orc priest (D:3)
  An orc wizard (D:4)
  A centaur skeleton (D:4)
  Jessica (D:3)
  4 worker ants (D:4)
  A hound skeleton (D:4)
  Robin (D:3)
  6 gnolls
  4 adders
  4 oozes
  An adder skeleton (D:4)
  2 worms (D:2)
  2 dart slugs
  4 leopard geckos
  5 orcs
  A ball python (D:4)
  6 bats
  4 giant cockroaches
  9 goblins
  14 hobgoblins
  6 jackals (D:4)
  2 kobolds
  2 quokkas
  5 frilled lizards
  A leopard gecko skeleton (D:4)
  A quokka zombie (D:4)
  9 rats
109 creatures vanquished.

Vanquished Creatures (collateral kills)
  A worker ant (D:4)
  An orc (D:3)
  2 goblins (D:3)
  A jackal (D:4)
  A quokka (D:4)
6 creatures vanquished.

Vanquished Creatures (others)
  An orc wizard (D:5)
1 creature vanquished.

Grand Total: 116 creatures vanquished

Notes
Turn   | Place    | Note
-------+----------+-------------------------------------------
     0 | D:1      | IcyTea the Draconian Necromancer began the quest for the Orb.
     0 | D:1      | Reached XP level 1. HP: 14/14 MP: 3/3
   350 | D:1      | Reached XP level 2. HP: 20/20 MP: 5/5
   997 | D:1      | Reached XP level 3. HP: 23/26 MP: 2/6
  1145 | D:1      | Reached skill level 5 in Necromancy
  1154 | D:1      | Learned a level 3 spell: Regeneration
  1611 | D:2      | HP: 1/26 [gnoll/halberd (10)]
  2238 | D:2      | Reached XP level 4. HP: 31/33 MP: 3/7
  2520 | D:2      | Found a shimmering altar of Xom.
  2970 | D:3      | Noticed Jessica
  2973 | D:3      | Killed Jessica
  2973 | D:3      | Reached skill level 1 in Polearms
  2973 | D:3      | Reached XP level 5. HP: 33/38 MP: 1/8
  3025 | D:3      | Learned a level 4 spell: Animate Dead
  3075 | D:3      | Reached skill level 2 in Polearms
  3242 | D:3      | Noticed Robin
  3742 | D:3      | Killed Robin
  3792 | D:3      | Reached skill level 3 in Polearms
  3942 | D:3      | HP: 1/38 [orc/mace (5)]
  4269 | D:3      | Noticed Grinder
  4286 | D:3      | Killed Grinder
  4286 | D:3      | Reached skill level 5 in Polearms
  4286 | D:3      | Reached XP level 6. HP: 21/45 MP: 1/9
  4431 | D:3      | Found a burning altar of Makhleb.
  4586 | D:3      | Found a runed door.
  4590 | D:3      | Noticed Crazy Yiuf
  4641 | D:3      | HP: 2/45 [Crazy Yiuf/quarterstaff of chaos (8)]
  4988 | D:3      | Killed Crazy Yiuf
  5230 | D:4      | Your scales start taking on a lurid green colour.
  5230 | D:4      | Reached XP level 7. HP: 23/50 MP: 8/10
  5230 | D:4      | Gained mutation: Your system is resistant to poisons. (rPois) [Green Draconian growth]
  5511 | D:4      | Reached skill level 6 in Polearms
  5553 | D:4      | Gained mutation: You do not regenerate when monsters are visible. [potion of mutation]
  5553 | D:4      | Gained mutation: You have supernaturally acute eyesight. (SInv) [potion of mutation]
  5553 | D:4      | Gained mutation: Your mind is acute. (Int +2) [potion of mutation]
  5594 | D:4      | Found an iron altar of Okawaru.
  5755 | D:4      | Found a radiant altar of Vehumet.
  6057 | D:4      | Noticed Eustachio
  6071 | D:4      | Killed Eustachio
  6498 | D:4      | You fall through a shaft!
  6498 | D:5      | Entered Level 5 of the Dungeon
  6612 | D:4      | Reached XP level 8. HP: 45/57 MP: 15/15
  6614 | D:4      | Reached skill level 5 in Spellcasting
  7002 | D:5      | Found a runed door.
  7002 | D:5      | Noticed olegrum's ghost (novice BaFi)
  7015 | D:5      | Reached skill level 7 in Polearms
  7019 | D:5      | Killed from afar by an orc priest

Vault maps used:
D:1:      shiori_shiawase, minmay_parallelograms, amethyst_killhole
D:2:      lemuel_round_altar
D:3:      makhleb_blood_cavern_becter, uniq_jessica, uniq_crazy_yiuf_cottage,
          uniq_grinder, uniq_robin
D:4:      vehumet_crystals, okawaru_metal_pillars_3, first_ration,
          nzn_random_ring, uniq_eustachio
D:5:      yredelemnul_forgotten_temple_becter, nicolae_tso_carved_into_rock,
          serial_shops, kennysheep_mini_moat, gammafunk_ghost_grave

Skill      XL: |  1  2  3  4  5  6  7  8 |
---------------+-------------------------+-----
Necromancy     | 5 6 |  6.0
Polearms       | 1 5 6 7 |  7.1
Spellcasting   | 4 5 |  5.0
Dodging        | |  1.8
Stealth        | |  1.8

Action                   |  1- 3 |  4- 6 |  7- 9 || total
-------------------------+-------+-------+-------++-------
Melee: Club              |    29 |       |       ||    29
       Tailslap          |    11 |    19 |    12 ||    42
       Spear             |    80 |     3 |       ||    83
       Halberd           |       |   152 |   125 ||   277
 Cast: Pain              |    36 |    53 |    18 ||   107
       Animate Dead      |       |     6 |     5 ||    11
       Regeneration      |       |     5 |     1 ||     6
  Use: Scroll            |     6 |       |     3 ||     9
       Potion            |     4 |     1 |     4 ||     9
 Stab: Sleeping          |     4 |     3 |     3 ||    10
  Eat: Chunk             |     5 |     7 |     2 ||    14
       Ration            |       |     2 |     1 ||     3
Armor: Skin              |    26 |    83 |    42 ||   151
Dodge: Dodged            |    62 |   187 |    88 ||   337

Table legend:
 A = Spawn XP
 B = Non-spawn XP
 C = Spawn XP percentage of total XP
 D = Spawn monster count
 E = Non-spawn monster count
 F = Spawn count percentage of total count
 G = Total turns spent on level
                    A         B        C        D         E        F      G
               +---------+---------+-------+---------+---------+-------+---------
         Total |       0 |    1797 |   0.0 |       0 |     116 |   0.0 |  7019
               +---------+---------+-------+---------+---------+-------+---------
           D:1 |       0 |      50 |   0.0 |       0 |      23 |   0.0 |  1826
           D:2 |       0 |     112 |   0.0 |       0 |      24 |   0.0 |  1567
           D:3 |       0 |     546 |   0.0 |       0 |      35 |   0.0 |  1739
           D:4 |       0 |     867 |   0.0 |       0 |      29 |   0.0 |  1821
           D:5 |       0 |     222 |   0.0 |       0 |       5 |   0.0 |    66
               +---------+---------+-------+---------+---------+-------+---------
